 Dungeon Crawl Stone Soup version 0.21-a0-241-g2cbab09 (webtiles) character file.

384 Gruud the Chopper (level 6, 0/44 HPs)
             Began as a Demonspawn Gladiator on Sept 3, 2017.
             Slain by a quokka (4 damage)
             ... on level 4 of the Dungeon.
             The game lasted 00:04:28 (2423 turns).

Gruud the Chopper (Demonspawn Gladiator)            Turns: 2423, Time: 00:04:29

Health: 0/44       AC:  7    Str: 15    XL:     6   Next: 47%
Magic:  15/15      EV: 10    Int: 10    God:
Gold:   114        SH:  0    Dex: 15    Spells: 5/5 levels left

rFire    . . .     SeeInvis .   h - +1 spear (venom)
rCold    . . .     Gourm    .   (no shield)
rNeg     . . .     Faith    .   y - +0 scale mail
rPois    .         Spirit   .   c - +0 helmet
rElec    .         Reflect  .   (no cloak)
rCorr    .         Harm     .   (no gloves)
MR       .....                  (boots unavailable)
Stlth    ..........             (no amulet)
HPRegen  0.14/turn              r - ring of magical power
MPRegen  0.14/turn              (no ring)

@: no status effects
A: talons 3
a: no special abilities


You were on level 4 of the Dungeon.
You were not hungry.

You visited 1 branch of the dungeon, and saw 4 of its levels.

You collected 114 gold pieces.

Inventory:

Hand Weapons
 a - a +0 war axe
 h - a +1 spear of venom (weapon)
Missiles
 d - 3 throwing nets
 i - 6 javelins of returning (quivered)
 m - 5 javelins
Armour
 c - a +0 helmet (worn)
 y - a +0 scale mail (worn)
Jewellery
 r - a ring of magical power (left hand)
Scrolls
 b - a scroll of amnesia {unknown}
 g - 3 scrolls of enchant armour {unknown}
 j - 3 scrolls of teleportation {unknown}
 k - a scroll of recharging {unknown}
 l - 2 scrolls of blinking {unknown}
 n - 3 scrolls of identify {unknown}
 t - a scroll of remove curse {unknown}
 B - a scroll of fear {unknown}
Potions
 e - a potion of magic {unknown}
 o - a potion of degeneration {unknown}
 p - a potion of invisibility {unknown}
 u - a potion of might {unknown}
 v - a potion of brilliance {unknown}
 w - a potion of curing {unknown}
 x - a potion of heal wounds {unknown}
Comestibles
 f - 6 bread rations
 q - a fruit
 s - 2 royal jellies
 z - a meat ration
 A - 5 chunks of flesh


   Skills:
 - Level 2.0 Fighting
 * Level 5.7 Axes
 - Level 1.7 Throwing
 + Level 3.1 Armour
 - Level 2.6 Dodging


You had 5 spell levels left.
You didn't know any spells.

Dungeon Overview and Level Annotations

Branches:
Dungeon (4/15)             Temple (0/1) D:4

Altars:
Ashenzari
Okawaru
Sif Muna
The Shining One

Annotations:
D:4 Menkaure


Innate Abilities, Weirdness & Mutations

You have claws for feet.


Message History

The orc wizard blinks!
The quokka closely misses you.
The quokka bites you but does no damage.
Menkaure calls on the powers of darkness!
The orc wizard convulses!
The quokka convulses!
Your body is wracked with pain!
* * * LOW HITPOINT WARNING * * *
Menkaure calls on the powers of darkness!
The orc wizard convulses!
The quokka convulses!
You feel a surge of unholy energy.
The orc wizard casts a spell.
The orc wizard blinks!
The quokka misses you.
A quokka skeleton comes into view.
The orc wizard mumbles some strange words.
The orc wizard blinks!
The quokka barely misses you. The quokka bites you.
* * * LOW HITPOINT WARNING * * *
The quokka skeleton bites you but does no damage.
There is a stone staircase leading up here.
The quokka bites you.
You die...

##.### ## #...... ..
..>...... # #.
.........#
#.#.##...)....#.# #
#.#.#...#......... .
#.........#.......≈ ≈≈
#....@..........≈≈≈≈≈≈
###..†.rZ...#...≈≈≈≈≈≈≈≈
#..............≈≈≈≈≈≈...
#.#.......M....≈≈≈≈≈≈.>.
# #............≈≈≈≈≈≈...
#............#.≈≈≈≈≈≈≈≈≈
########........≈≈≈≈≈≈≈≈
..............≈≈≈≈≈≈
##.......#......≈≈≈≈


You could see Menkaure, a quokka and a quokka skeleton.

Vanquished Creatures
  2 ogres (D:4)
  A howler monkey (D:4)
  2 hounds
  An iguana (D:3)
  4 adders
  2 worms
  A dart slug (D:1)
  2 leopard geckos
  3 orcs
  5 giant cockroaches
  4 hobgoblins
  A ball python (D:4)
  3 bats
  4 frilled lizards
  7 goblins
  9 kobolds
  3 rats
54 creatures vanquished.

Notes
Turn   | Place    | Note
-------+----------+-------------------------------------------
     0 | D:1      | Gruud the Demonspawn Gladiator began the quest for the Orb.
     0 | D:1      | Reached XP level 1. HP: 16/16 MP: 1/1
   220 | D:1      | Found a glowing golden altar of the Shining One.
   356 | D:1      | Reached skill level 3 in Axes
   460 | D:1      | Gained mutation: You have sharp toenails. [demonic ancestry]
   460 | D:1      | Reached XP level 2. HP: 17/22 MP: 2/2
   574 | D:1      | Reached skill level 1 in Armour
   853 | D:2      | Found a shattered altar of Ashenzari.
   955 | D:2      | Reached XP level 3. HP: 24/27 MP: 3/3
  1008 | D:2      | Found a deep blue altar of Sif Muna.
  1560 | D:3      | Gained mutation: You have razor-sharp toenails. [demonic ancestry]
  1560 | D:3      | Reached XP level 4. HP: 33/33 MP: 4/4
  1563 | D:3      | Reached skill level 4 in Axes
  2001 | D:3      | Found an iron altar of Okawaru.
  2091 | D:3      | Gained mutation: You have claws for feet. [demonic ancestry]
  2091 | D:3      | Reached XP level 5. HP: 38/38 MP: 5/5
  2335 | D:4      | Found a staircase to the Ecumenical Temple.
  2348 | D:4      | Noticed an ogre
  2358 | D:4      | Killed an ogre
  2358 | D:4      | Reached skill level 5 in Axes
  2370 | D:4      | Noticed an ogre
  2380 | D:4      | Killed an ogre
  2380 | D:4      | Reached XP level 6. HP: 25/44 MP: 6/6
  2392 | D:4      | Noticed Menkaure
  2398 | D:4      | HP: 2/44 [Menkaure/nerve-wracking pain (8)]
  2423 | D:4      | Slain by a quokka

Vault maps used:
D:1:      roderic_crossed_star, tso_metal_star
D:2:      ashenzari_altar_1, led_sif_pool, first_bread
D:3:      okawaru_gym_becter, item_on_display_a
D:4:      temple_pool_b, serial_shops, nicolae_shop_waterfront,
          minmay_misc_feat_room, lemuel_flame_loot_1, uniq_duvessa,
          uniq_menkaure

Skill      XL: |  1  2  3  4  5 |
---------------+----------------+-----
Axes           | 3 4 5 |  5.7
Armour         | 1 2 3 |  3.1
Fighting       | |  2.0
Throwing       | |  1.7
Dodging        | |  2.6

Action                   |  1- 3 |  4- 6 || total
-------------------------+-------+-------++-------
Melee: Spear             |    89 |    68 ||   157
       War axe           |     4 |       ||     4
       Kick              |    12 |    18 ||    30
Throw: Javelin           |     2 |     3 ||     5
 Stab: Sleeping          |     4 |       ||     4
  Eat: Chunk             |     2 |     3 ||     5
Armor: Leather armour    |    11 |     1 ||    12
       Scale mail        |       |    14 ||    14
Dodge: Dodged            |    38 |    36 ||    74

Table legend:
 A = Spawn XP
 B = Non-spawn XP
 C = Spawn XP percentage of total XP
 D = Spawn monster count
 E = Non-spawn monster count
 F = Spawn count percentage of total count
 G = Total turns spent on level
                    A         B        C        D         E        F      G
               +---------+---------+-------+---------+---------+-------+---------
         Total |      22 |     527 |   4.0 |       6 |      48 |  11.1 |  2423
               +---------+---------+-------+---------+---------+-------+---------
           D:1 |       6 |      22 |  21.4 |       3 |      13 |  18.8 |   844
           D:2 |      16 |      34 |  32.0 |       3 |      11 |  21.4 |   613
           D:3 |       0 |     130 |   0.0 |       0 |      15 |   0.0 |   855
           D:4 |       0 |     341 |   0.0 |       0 |       9 |   0.0 |   111
               +---------+---------+-------+---------+---------+-------+---------
